 Seeded DCSS version 0.31-a0-496-g6f97920a28 (webtiles) character file.

Game seed: 7415222406553760909 (custom seed)

669 innerfire43 the Trooper (level 7, -8/56 HPs)
             Began as a Demonspawn Monk on Aug 8, 2023.
             Was an Elder of Uskayaw.
             Killed by divine providence
             ... invoked by an orc priest
              (15 damage)
             ... on level 5 of the Dungeon.
             The game lasted 00:05:55 (3295 turns).

innerfire43 the Trooper (Demonspawn Monk)           Turns: 3295, Time: 00:05:56

Health: -8/56      AC:  9    Str: 14    XL:     7   Next: 32%
Magic:  5/7        EV: 13    Int: 11    God:    Uskayaw [****..]
Gold:   274        SH:  0    Dex: 15    Spells: 4/6 levels left

rFire   . .          .
                       - Unarmed
rCold   + . .        c - orb {light}
rNeg    . . .        m - +1 robe {rC+}
rPois   .            A - +0 helmet
rElec   .            o - +2 cloak
rCorr   .            n - +1 pair of gloves
SInv    .            (no boots)
Will    .....        (no amulet)
Stlth   +            d - ring of wizardry
HPRegen 0.29/turn    i - ring of wizardry
MPRegen 0.10/turn

%: wizardry (x2)
@: glowing
A: spiny 2, wild magic 1
a: Renounce Religion, Stomp, Line Pass


You were on level 5 of the Dungeon.
You worshipped Uskayaw.
Uskayaw was noncommittal.
You visited 1 branch of the dungeon, and saw 5 of its levels.

You collected 274 gold pieces.

Inventory:

Armour
 c - an orb of light (worn)
 m - a +1 robe of cold resistance (worn)
 n - a +1 pair of gloves (worn)
 o - a +2 cloak (worn)
 A - a +0 helmet (worn)
Jewellery
 d - a ring of wizardry (left hand)
 f - a ring of positive energy
 i - a ring of wizardry (right hand)
 p - a ring of poison resistance
Talismans
 g - a flux talisman
Scrolls
 b - 3 scrolls of identify
 h - 2 scrolls of teleportation {unknown}
 j - a scroll of vulnerability {unknown}
 l - a scroll of poison {unknown}
 q - 5 scrolls of fog {unknown}
 s - a scroll of noise {unknown}
 v - 2 scrolls of fear {unknown}
 w - a scroll of enchant armour {unknown}
 x - a scroll of silence {unknown}
 y - 2 scrolls of blinking {unknown}
Potions
 k - a potion of lignification {unknown}
 r - a potion of brilliance
 t - a potion of enlightenment
 u - 3 potions of might {unknown}
 z - 2 potions of cancellation {unknown}


   Skills:
 + Level 5.2 Fighting
 + Level 3.2 Dodging
 - Level 3.0 Unarmed Combat
 + Level 1.3 Transmutations
 * Level 4.4 Shapeshifting


You had 4 spell levels left.
You knew the following spells:

 Your Spells              Type           Power      Damage    Failure   Level
a - Wereblood             Tmut           3%         N/A       11%         2

Your spell library contained the following spells:

 Spells                   Type           Power      Damage    Failure   Level
 Irradiate                Conj/Tmut      0%         3d11      88%         5


Dungeon Overview and Level Annotations

Branches:
Dungeon (5/15)
 Temple: D:4-7

Altars:
Dithmenos
Nemelex Xobeh
Qazlal
Uskayaw
Yredelemnul

Shops:
D:1 ?   D:4 (


Innate Abilities, Weirdness & Mutations

You are mostly covered in sharp spines.
Your spells are a little harder to cast, but a little more powerful.


Message History

You closely miss the adder.
The adder is lightly wounded.
The adder is struck by your spines.
You kill the adder!
You can now pass through a line of other dancers.
You hit the hound.
The hound is lightly wounded.
The hound is struck by your spines. The hound closely misses you.
Uskayaw will force your foes to helplessly watch your dance.
Uskayaw prepares the audience for your solo!
The helpless hound fails to defend itself.
You hit the hound.
You kill the hound!
The orc priest is no longer paralysed.
The orc is no longer paralysed.
The orc priest hits you from afar with a +0 trident.
* * * LOW HITPOINT WARNING * * *
The orc completely misses you.
Items here: )) [ †.
You barely miss the orc. You hit the orc.
The orc is heavily wounded.
The orc is struck by your spines.
You kill the orc!
The orc priest hits you but does no damage.
Unknown command.
The orc priest barely misses you.
You see here a +0 club.
You barely miss the orc priest.
The orc priest hits you but does no damage.
Unknown command.
You hit the orc priest.
The orc priest is lightly wounded.
The orc priest hits you but does no damage.
Uskayaw will force your foes to share their pain.
You hit the orc priest.
The orc priest is heavily wounded.
The orc priest calls down the wrath of Beogh upon you.
Beogh smites you!
You die...

#.## # # ...####.
### ######..... #..
#........#######.#
#.# ##..........#
###.####...#########
#......>.#...# #
#.#)########.# # ..
#@# ..# # #. #o# .#
# # ..# .# # ..## #
# #.. #.# .. ...


You could see an orc priest.

Vanquished Creatures
  Edmund (D:5)
  An ice beast (D:3)
  A bullfrog (D:3)
  2 jellies
  4 hounds
  2 iguanas
  Robin (D:2)
  5 adders
  A shadow imp (D:3)
  2 worms
  4 dart slugs
  3 orcs
  4 bats
  3 endoplasms
  2 giant cockroaches (D:1)
  19 goblins
  7 hobgoblins
  15 jackals
  7 quokkas
  6 ball pythons
  4 frilled lizards
  6 kobolds
  4 rats
104 creatures vanquished.

Notes
Turn   | Place    | Note
-------+----------+-------------------------------------------
     0 | D:1      | innerfire43 the Demonspawn Monk began the quest for the
                  | Orb.
     0 | D:1      | Reached XP level 1. HP: 18/18 MP: 1/1
    74 | D:1      | Gained mutation: You are partially covered in sharp spines.
                  | [demonic ancestry]
    74 | D:1      | Reached XP level 2. HP: 24/24 MP: 2/2
   124 | D:1      | Reached skill level 1 in Shapeshifting
   208 | D:1      | Reached XP level 3. HP: 27/29 MP: 3/3
   378 | D:1      | Found Onoqawk's Magic Scroll Emporium.
   937 | D:2      | Noticed Robin
   941 | D:2      | Reached XP level 4. HP: 18/35 MP: 4/4
   949 | D:2      | Killed Robin
  1746 | D:3      | Found a shadowy altar of Dithmenos.
  1774 | D:3      | Found a sparkling altar of Nemelex Xobeh.
  1871 | D:3      | Found a transporter.
  1875 | D:3      | Found a basalt altar of Yredelemnul.
  1875 | D:3      | Noticed an ice beast
  1876 | D:3      | Found a stormy altar of Qazlal.
  1877 | D:3      | Found a hide-covered altar of Uskayaw.
  1877 | D:3      | Noticed a bullfrog
  1890 | D:3      | Found a transporter.
  1928 | D:3      | Gained mutation: Your spells are a little harder to cast,
                  | but a little more powerful. [potion of mutation]
  1951 | D:3      | Killed a bullfrog
  1952 | D:3      | Reached skill level 4 in Fighting
  1952 | D:3      | Reached XP level 5. HP: 24/42 MP: 5/5
  1969 | D:3      | Killed an ice beast
  1970 | D:3      | Gained mutation: You are mostly covered in sharp spines.
                  | [demonic ancestry]
  1970 | D:3      | Reached XP level 6. HP: 18/49 MP: 6/6
  2090 | D:3      | Became a worshipper of Uskayaw the Reveller
  2090 | D:3      | Reached * piety under Uskayaw
  2226 | D:3      | Reached ** piety under Uskayaw
  2576 | D:4      | Found Zyerchael's Weapon Shop.
  2603 | D:4      | Learned a level 2 spell: Wereblood
  2852 | D:4      | Reached skill level 5 in Fighting
  2964 | D:4      | Reached XP level 7. HP: 56/56 MP: 7/7
  3204 | D:5      | Entered Level 5 of the Dungeon
  3255 | D:5      | Noticed Edmund
  3281 | D:5      | Killed Edmund
  3282 | D:5      | Reached skill level 1 in Transmutations
  3287 | D:5      | Reached *** piety under Uskayaw
  3294 | D:5      | Reached **** piety under Uskayaw
  3295 | D:5      | Killed from afar by an orc priest

Illustrated notes

Levels and vault maps discovered:
D:1:      spicycebolla_green_bress_n_ham_2, layout_rooms, serial_shops, shop,
          minmay_misc_feat_hallway
D:2:      layout_basic, uniq_robin
D:3:      minmay_evil_eye, layout_basic,
          mainiacjoe_overflow_concentric_impassable, lemuel_tele_altar,
          gammafunk_temple_overflow_arena, nemelex_altar_shiori,
          kennysheep_generic_room_6
D:4:      layout_gridville, serial_shops, nicolae_shop_bloodbath_and_beyond,
          minmay_statues_item
D:5:      layout_rooms, uniq_ijyb, uniq_crazy_yiuf_cottage, uniq_edmund,
          uniq_sigmund, uniq_pikel

Skill      XL: |  1  2  3  4  5  6  7 |
---------------+----------------------+-----
Shapeshifting  | 1 2 3 4 |  4.4
Dodging        | 3 |  3.2
Unarmed Combat | 3 |  3.0
Fighting       | 4 5 |  5.2
Transmutations | 1 |  1.3

Action                     |  1- 3 |  4- 6 |  7- 9 || total
---------------------------+-------+-------+-------++-------
  Melee: Unarmed           |    86 |   120 |    38 ||   244
 Invoke: Stomp             |       |       |     1 ||     1
    Use: Scroll            |       |     4 |       ||     4
         Potion            |       |     3 |     2 ||     5
   Stab: Paralysed         |       |       |     1 ||     1
 Armour: Robe              |    16 |    41 |     8 ||    65
  Dodge: Dodged            |    53 |   104 |    15 ||   172

Table legend: (Time is in decaauts)
 A = Elapsed time spent in this place.
 B = Non-inter-level travel time spent in this place.
 C = Inter-level travel time spent in this place.
 D = Time resting spent in this place.
 E = Time spent auto-exploring this place.
 F = Levels seen in this place.
 G = Mean time per level.
                   A        B        C        D        E       F      G
               +--------+--------+--------+--------+--------+-----+--------+
         Total |   3281 |   2913 |    368 |      0 |   2193 |   5 |  656.2 |
       Dungeon |   3281 |   2913 |    368 |      0 |   2193 |   5 |  656.2 |
               +--------+--------+--------+--------+--------+-----+--------+

Top non-repeatable levels by time:
     D:2: 1026 daAuts
     D:3: 1000 daAuts
     D:4: 676 daAuts
     D:1: 489 daAuts
     D:5: 88 daAuts
